 Dungeon Crawl Stone Soup version 0.31-a0-202-g547052bce9 (webtiles) character file.

Game seed: 15486743305358501144

202 qw the Skirmisher (level 5, -3/29 HPs)
             Began as a Deep Elf Hunter on June 26, 2023.
             Killed by nerve-wracking pain
             ... invoked by an orc priest
              (14 damage)
             ... on level 3 of the Dungeon.
             The game lasted 00:00:49 (2092 turns).

qw the Skirmisher (Deep Elf Hunter)                 Turns: 2092, Time: 00:00:50

Health: -3/29      AC:  5    Str: 10    XL:     5   Next: 50%
Magic:  7/7        EV: 11    Int: 14    God:
Gold:   68         SH:  0    Dex: 18    Spells: 4/4 levels left

rFire   . . .        Y - +1 shortbow
rCold   . . .        (shield currently unavailable)
rNeg    . . .        a - +0 ring mail
rPois   .            (no helmet)
rElec   .            (no cloak)
rCorr   .            (no gloves)
SInv    .            (no boots)
Will    .....        (no amulet)
Stlth   +            (no ring)
HPRegen 0.24/turn    (no ring)
MPRegen 0.10/turn

%: no passive effects
@: no status effects
A: no striking features
a: no special abilities


You were on level 3 of the Dungeon.
You visited 1 branch of the dungeon, and saw 3 of its levels.

You collected 68 gold pieces.


   Skills:
 + Level 1.6 Fighting
 - Level 9.0 Ranged Weapons
 - Level 2.4 Dodging
 - Level 1.2 Stealth


You had 4 spell levels left.
You didn't know any spells.
Your spell library was empty.

Inventory:

Hand Weapons
 Y - a +1 shortbow (weapon)
Armour
 a - a +0 ring mail (worn)
Scrolls
 b - a scroll of fog {unknown}
Potions
 d - a potion of degeneration {unknown}
 g - a potion of enlightenment {unknown}
 h - a potion of lignification {unknown}

Dungeon Overview and Level Annotations

Branches:
Dungeon (3/15)

Altars:
Ashenzari
Cheibriados
Nemelex Xobeh
Zin

Shops:
D:3 *


Message History

Enter note:
Enter note: You shoot an arrow.
The arrow hits the adder!
You kill the adder!
Your Ranged Weapons skill increases to level 9!
Found a broken altar of Ashenzari.
Enter note:
Enter note:
Enter note:
Enter note:
Enter note:
Enter note: An orc priest and an orc come into view.
The orc shouts!
An orc comes into view. It is wielding a +0 dagger.
The orc priest moves out of view.
Enter note:
Enter note:
Enter note:
Enter note:
Enter note:
Enter note: You shoot an arrow.
The orc shouts!
The arrow hits the orc!
You kill the orc!
You shoot an arrow. The arrow closely misses the orc.
The orc priest calls down the wrath of Beogh upon you.
Beogh smites you!
You shoot an arrow. The arrow hits the orc.
The orc is almost dead.
You shoot an arrow. The arrow hits the orc!
You kill the orc!
The orc priest invokes the aid of Beogh against you.
Beogh smites you!
You shoot an arrow. The arrow hits the orc priest.
The orc priest is lightly wounded.
The orc priest invokes the aid of Beogh against you.
Pain shoots through your body!
You die...

#.. ##+## #.#
######...### #.##
#¤¤.........
#..###¤~~~~~~~~~.
######...##.¤.......~.
............¤.#####%~.
####...#..~.....#.¤.
###..###...#._.#.~.
#)@.## #.~.#....¤~¤
#o### #.~.#####¤~¤ #)
#.~... .¤~. ..
#.~~~~¤~~~~. ##.
#.....¤..... #.
....... #. #.


You could see an orc priest.

Vanquished Creatures
  Natasha (twice) (D:2)
  5 adders
  2 gnolls (D:1)
  3 worms
  2 dart slugs
  3 orcs (D:3)
  9 endoplasms
  5 giant cockroaches
  5 goblins
  4 hobgoblins
  3 jackals (D:2)
  8 kobolds
  3 quokkas
  4 ball pythons
  7 bats
  A frilled lizard (D:1)
  3 rats
69 creatures vanquished.

Notes
Turn   | Place    | Note
-------+----------+-------------------------------------------
     0 | D:1      | qw the Deep Elf Hunter began the quest for the Orb.
     0 | D:1      | Reached XP level 1. HP: 12/12 MP: 3/3
     0 | D:1      | 0 ||| qw: Version: 0.3-a-22-g0ed2b0b
     0 | D:1      | 0 ||| qw: Game counter: 5799
     0 | D:1      | 0 ||| qw: Melee chars always use a shield: true
     0 | D:1      | 0 ||| qw: God list: Okawaru
     0 | D:1      | 0 ||| qw: Allow faded altars: false
     0 | D:1      | 0 ||| qw: Do Orc after clearing Dungeon:15 true
     0 | D:1      | 0 ||| qw: Do second Lair branch before Depths: true
     0 | D:1      | 0 ||| qw: Lair rune preference: random
     0 | D:1      | 0 ||| qw: Goals: Normal
     0 | D:1      | 0 ||| PLANNING D:1-11
   109 | D:1      | Reached XP level 2. HP: 16/16 MP: 4/4
   124 | D:1      | Reached skill level 6 in Ranged Weapons
   377 | D:1      | Reached XP level 3. HP: 20/20 MP: 5/5
   724 | D:1      | Reached skill level 7 in Ranged Weapons
   977 | D:1      | 977 ||| READING scroll labelled TIXTIOF UJIDA.
   978 | D:1      | 978 ||| READING scroll labelled OSAHOA BUAZXA.
   981 | D:1      | 981 ||| READING scroll labelled FENUEC IRAIGHOAM.
   982 | D:1      | 982 ||| DROPPING scroll of butterflies.
  1150 | D:2      | Reached XP level 4. HP: 25/25 MP: 6/6
  1211 | D:2      | Found a snail-covered altar of Cheibriados.
  1300 | D:2      | Reached skill level 8 in Ranged Weapons
  1303 | D:2      | HP: 6/25 [jackal (2)]
  1385 | D:2      | Found a faded altar of an unknown god.
  1432 | D:2      | Noticed Natasha
  1438 | D:2      | Killed Natasha
  1468 | D:2      | Reached XP level 5. HP: 29/29 MP: 7/7
  1687 | D:2      | 1687 ||| UPGRADING to +0 ring mail.
  1687 | D:2      | Noticed Natasha
  1689 | D:2      | 1689 ||| UPGRADING to +0 ring mail.
  1701 | D:2      | Killed Natasha
  1782 | D:2      | 1782 ||| DROPPING +0 leather armour.
  1783 | D:2      | 1783 ||| READING 2 scrolls labelled EPNOQ SOXUI.
  1784 | D:2      | 1784 ||| READING scroll labelled EWUURO KUOSUAM.
  1785 | D:2      | 1785 ||| DROPPING scroll of vulnerability.
  1843 | D:3      | Found Zin's Purification Station.
  1847 | D:3      | Found a glowing silver altar of Zin.
  1850 | D:3      | 1850 ||| SHOPLISTING potion of curing (90 gold, have 68).
  1858 | D:3      | Found a sparkling altar of Nemelex Xobeh.
  2076 | D:3      | Reached skill level 9 in Ranged Weapons
  2078 | D:3      | Found a broken altar of Ashenzari.
  2092 | D:3      | Killed from afar by an orc priest

Levels and vault maps discovered:
D:1:      dpeg_arrival_radiant, layout_basic, minmay_pentomino_z2
D:2:      layout_basic, basic_altar, hellmonk_ecumenical_altar_arch_garden,
          uniq_natasha
D:3:      layout_loops_corners, mainiacjoe_overflow_brackets,
          mainiacjoe_overflow_alcove_1, zin_purify, serial_shops,
          nicolae_shop_window_shopping, eino_curves_01

Skill      XL: |  1  2  3  4  5 |
---------------+----------------+-----
Ranged Weapons | 6 7 8 9 |  9.0
Fighting       | |  1.6
Dodging        | |  2.4
Stealth        | |  1.2

Action                     |  1- 3 |  4- 6 || total
---------------------------+-------+-------++-------
   Fire: Shortbow          |   102 |    96 ||   198
    Use: Scroll            |     3 |     2 ||     5
 Armour: Leather armour    |     9 |     8 ||    17
         Ring mail         |       |     1 ||     1
  Dodge: Dodged            |    16 |    30 ||    46

Table legend:
 A = Non-vault XP
 B = Vault XP
 C = Vault XP percentage of total XP
 D = Non-vault monster count
 E = Vault monster count
 F = Vault count percentage of total count
                 A         B        C        D         E       F
            +---------+---------+-------+---------+---------+-------
      Total |     253 |      36 |  12.5 |      68 |       1 |   1.4
            +---------+---------+-------+---------+---------+-------
        D:1 |      69 |       0 |   0.0 |      26 |       0 |   0.0
        D:2 |     130 |      36 |  21.7 |      29 |       1 |   3.3
        D:3 |      54 |       0 |   0.0 |      13 |       0 |   0.0
            +---------+---------+-------+---------+---------+-------
